 Dungeon Crawl Stone Soup version 0.26-a0-579-g3afe4966bf (webtiles) character file.

Game seed: 6951940581335661064

88086 Ge0ff the Summoner (level 15, -2/86 HPs)
             Began as a Gargoyle Summoner on Aug 22, 2020.
             Was the Champion of Kikubaaqudgha.
             Slain by a seven-headed hydra (12 damage)
             ... on level 4 of the Swamp on Aug 23, 2020.
             The game lasted 02:07:00 (39245 turns).

Ge0ff the Summoner (Gargoyle Summoner)             Turns: 39245, Time: 02:07:00

Health: -2/86      AC: 13    Str: 13    XL:     15   Next: 92%
Magic:  12/27      EV: 13    Int: 29    God:    Kikubaaqudgha [******]
Gold:   3567       SH:  0    Dex: 16    Spells: 1/31 levels left

rFire    + . .     SeeInvis +   b - +4 flail of Pandemonium {elec, Int+5, don't train}
rCold    . . .     Faith    .   (no shield)
rNeg     + . .     Spirit   .   (no armour)
rPois    ∞         Reflect  .   t - +2 hat {Int+3}
rElec    +         Harm     .   (no cloak)
rCorr    +                      (no gloves)
MR       +....                  (no boots)
Stlth    +++.......             e - amulet of regeneration
HPRegen  0.64/turn              s - +6 ring of dexterity
MPRegen  0.20/turn              Y - ring of Dogma {+Inv rF+ rCorr SInv, =R}

@: no status effects
A: big wings, negative energy resistance 1, electricity resistance, unbreathing,
petrification resistance, rot immunity, AC +11
a: Fly, Receive Corpses, Torment, Renounce Religion, Evoke Invisibility


You were on level 4 of the Swamp.
You worshipped Kikubaaqudgha.
Kikubaaqudgha was exalted by your worship.
You visited 5 branches of the dungeon, and saw 28 of its levels.
You visited the Abyss 1 time.
You also visited: Ossuary and Ice Cave.

You collected 4105 gold pieces.
You spent 538 gold pieces at shops.

Inventory:

Hand Weapons
 a - a +7 rapier of speed {don't train}
 b - the +4 flail of Pandemonium (weapon) {elec, Int+5, don't train}
   (You found it on level 3 of the Lair of Beasts)

   Occasionally, upon striking a foe, it will discharge some electrical energy
   and cause terrible harm.
   It affects your intelligence (+5).
 h - a +1 scimitar of distortion {don't train}
 w - a +4 dagger {don't train}
 J - a +6 demon trident of pain {don't train}
 L - a +2 dagger of electrocution {don't train}
Missiles
 r - 87 poisoned darts {don't train}
 v - 2 curare-tipped darts {don't train=f}
 A - 8 boomerangs of dispersal {don't train}
 Q - 10 boomerangs (quivered) {don't train}
 V - 6 silver javelins {don't train}
Armour
 t - a +2 hat of intelligence (worn)
Magical Staves
 X - an uncursed staff of earth {don't train}
Jewellery
 e - an amulet of regeneration (around neck)
 s - a +6 ring of dexterity (left hand)
 z - an uncursed ring of ice
 D - an uncursed ring of protection from magic
 Y - the ring of Dogma (right hand) {+Inv rF+ rCorr SInv, =R}
   (You found it on level 6 of the Dungeon)

   [ring of resist corrosion]

   It protects you from fire.
   It lets you see invisible.
   It lets you turn invisible.
   It provides partial protection from all sources of acid and corrosion.
Wands
 j - a wand of acid (4)
 k - a wand of iceblast (20)
 p - a wand of paralysis (15)
 x - a wand of random effects (10)
 P - a wand of polymorph (11)
Scrolls
 i - 7 scrolls of identify
 u - 3 scrolls of holy word
 B - 3 scrolls of blinking
 C - 14 scrolls of remove curse
 E - 3 scrolls of fear
 F - 2 scrolls of fog
 S - 2 scrolls of torment
 T - 6 scrolls of teleportation
 U - a scroll of amnesia
Potions
 o - 5 potions of ambrosia
 q - 10 potions of curing
 G - a potion of stabbing
 H - 13 potions of haste {!q}
 I - 3 potions of invisibility
 K - 2 potions of magic {!q}
 M - 2 potions of might
 N - a potion of cancellation {!q}
 R - 2 potions of resistance
 W - 6 potions of heal wounds {!q}
 Z - 5 potions of berserk rage {!q}
Miscellaneous
 l - a lightning rod (1/4)
 n - a phial of floods (inert)
 O - a box of beasts (1/3)


   Skills:
 - Level 7.0 Fighting
 - Level 3.0 Dodging
 - Level 5.0 Stealth
 - Level 1.0 Unarmed Combat
 + Level 8.6 Spellcasting
 - Level 3.0 Conjurations
 + Level 14.0 Summonings
 * Level 12.2 Necromancy
 - Level 5.0 Ice Magic
 - Level 7.0 Air Magic
 - Level 3.0 Poison Magic
 - Level 9.0 Evocations


You had one spell level left.
You knew the following spells:

 Your Spells              Type           Power        Failure   Level
d - Call Canine Familiar  Summ           #######.     1%          3
f - Mephitic Cloud        Conj/Pois/Air  #####...     2%          3
h - Haunt                 Necr/Summ      ######....   17%         7
j - Vampiric Draining     Necr           ######....   1%          3
l - Summon Lightning Spi  Summ/Air       ######..     1%          4
n - Dispel Undead         Necr           ######..     1%          4
s - Summon Ice Beast      Ice/Summ       ######..     1%          4
x - Corpse Rot            Necr/Air       N/A          1%          2

Your spell library contained the following spells:

 Spells                   Type           Power        Failure   Level
 Summon Small Mammal      Summ           ####         0%          1
 Animate Skeleton         Necr           ######       1%          1
 Freeze                   Ice            ####         1%          1
 Magic Dart               Conj           ####         1%          1
 Pain                     Necr           ####         1%          1
 Beastly Appendage        Tmut           ##....       4%          1
 Sandblast                Erth           ##....       4%          1
 Call Imp                 Summ           #######.     1%          2
 Swiftness                Air            ######..     1%          2
 Frozen Ramparts          Ice            #####.       1%          3
 Ozocubu's Armour         Ice            #####...     1%          3
 Summon Guardian Golem    Hex/Summ       ######..     1%          3
 Animate Dead             Necr           ######....   1%          4
 Agony                    Necr           ######..     1%          5
 Excruciating Wounds      Necr           ######....   1%          5
 Ensorcelled Hibernation  Hex/Ice        ####..       2%          2
 Death Channel            Necr           ######....   4%          6
 Blink                    Tloc           N/A          7%          2
 Passwall                 Tmut/Erth      ##......     7%          2
 Slow                     Hex            ##......     7%          2
 Wereblood                Tmut           ##......     7%          2
 Conjure Flame            Conj/Fire      ###.....     7%          3
 Spider Form              Tmut/Pois      ###.......   7%          3
 Stone Arrow              Conj/Erth      ###...       7%          3
 Hailstorm                Conj/Ice       #####...     9%          4
 Confusing Touch          Hex            ##......     13%         3
 Gell's Gravitas          Tloc           ##........   13%         3
 Ice Form                 Ice/Tmut       ####....     16%         4
 Simulacrum               Ice/Necr       ######....   19%         6
 Petrify                  Tmut/Erth      ##......     41%         4
 Metabolic Englaciation   Hex/Ice        ####......   41%         5
 Freezing Cloud           Conj/Ice/Air   #####.....   65%         6
 Ozocubu's Refrigeration  Ice            #####.....   65%         6
 Blade Hands              Tmut           ##........   77%         5
 Lee's Rapid Deconstruct  Erth           ##........   77%         5
 Yara's Violent Unravell  Hex/Tmut       ##........   77%         5
 Borgnjor's Revivificati  Necr           ######....   88%         8
 Infestation              Necr           ######....   88%         8
 Chain Lightning          Conj/Air       #####.....   100%        8
 Lehudib's Crystal Spear  Conj/Erth      ###.......   100%        8
 Necromutation            Tmut/Necr      #####.....   100%        8
 Absolute Zero            Ice            #####.....   100%        9
 Death's Door             Necr           ######....   100%        9
 Fire Storm               Conj/Fire      ###.......   100%        9


Dungeon Overview and Level Annotations

Branches:
Dungeon (15/15)            Temple (1/1) D:4            Lair (6/6) D:10
  Swamp (4/4) Lair:4       Spider (0/4) Lair:2        Slime (0/5) Lair:6
    Orc (2/2) D:12            Elf (0/3) Orc:2        Vaults (0/5) D:14
 Depths (0/5) D:15        Ossuary (visited)           IceCv (visited)

Altars:
Ashenzari
Cheibriados
Dithmenos
Elyvilon
Fedhas
Gozag
Hepliaklqana
Kikubaaqudgha
Makhleb
Nemelex Xobeh
Okawaru
Qazlal
Ru
Sif Muna
Trog
Uskayaw
Vehumet
Wu Jian
Xom
Yredelemnul
Zin
The Shining One
Beogh

Shops:
D:5 !   D:8 =   D:9 *   D:10 =:[(=   Orc:2 *([:

Annotations:
D:15 dig
Lair:1 stash


Innate Abilities, Weirdness & Mutations

You are resistant to torment.
Your stone body is resilient. (AC +11)
You are immune to poison.
Your large and strong wings let you fly indefinitely.
You resist negative energy. (rN+)
You are resistant to electric shocks. (rElec)
You can survive without breathing.
You are immune to petrification.
You are immune to rotting.


Message History

* * * LOW HITPOINT WARNING * * *
The seven-headed hydra bites you.
* * * LOW HITPOINT WARNING * * *
The seven-headed hydra bites you.
* * * LOW HITPOINT WARNING * * *
The seven-headed hydra closely misses you.
The seven-headed hydra completely misses you.
The seven-headed hydra barely misses you.
Casting: Vampiric Draining (safe; 1% risk of failure)
Confirm with . or Enter, or press ? or * to list all spells.
Aiming: Vampiric Draining (safe; 1% risk of failure)
Press: ? - help, Shift-Dir - straight line, f/p - seven-headed hydra
Aim: a seven-headed hydra (almost dead)
The seven-headed hydra is almost dead.
You feel life coursing into your body. The seven-headed hydra bites you.
* * * LOW HITPOINT WARNING * * *
The seven-headed hydra barely misses you. x2
The seven-headed hydra bites you!
You die...
Kikubaaqudgha rasps: "You have failed me!
Welcome... oblivion!"

♣(.≈≈≈≈≈≈≈.♣♣≈..♣♣
♣.≈≈≈≈.≈≈..♣≈..≈
♣♣♣.≈≈..†..≈≈...
♣♣≈.≈...♣♣.≈...≈≈
♣♣..≈(♣≈.≈♣♣≈♣.♣..
♣♣<..§......♣♣....
♣.≈≈≈≈[≈≈§≈≈§♣♣..
≈
♣.≈.♣≈≈8.D≈.≈.♣.≈♣
♣♣♣≈♣♣≈≈@♣♣♣...≈♣♣
♣...≈.≈.♣ .≈#♣#
♣.§....♣♣ ≈♣#
♣...♣♣♣♣ ♣♣♣♣♣


You could see a seven-headed hydra and a friendly lightning spire (summoned).

Vanquished Creatures
  Gastronok (Lair:1)
  A thorn hunter (Swamp:3)
  2 dire elephants (Lair:6)
  2 hydras
  An ice dragon (D:15)
  A catoblepas (D:13)
  A centaur warrior (D:15)
  2 ghost crabs
  3 alligators
  10 two-headed ogres (D:15)
  2 ogre magi (D:15)
  An orc high priest (Orc:2)
  The ghost of Ge0ff the Caller, a novice GrSu of Kikubaaqudgha (Lair:2)
  2 spriggan druids
  2 unseen horrors
  A swamp dragon (Swamp:3)
  A wizard (Abyss:2)
  3 orc knights
  3 orc sorcerers (Orc:2)
  An oklob plant (Lair:6)
  15 elephants
  A centaur zombie (D:12)
  A cane toad (shapeshifter) (D:15)
  An ice statue (IceCv)
  A cane toad (Swamp:1)
  A rime drake (Lair:5)
  2 kobold demonologists
  A komodo dragon (D:15)
  4 freezing wraiths (IceCv)
  An efreet (D:11)
  A troll (D:12)
  2 tyrant leeches
  2 slime creatures (Swamp:1)
  3 nameless horrors
  6 hornets
  A bog body (Swamp:1)
  4 hippogriffs
  8 blink frogs
  2 dream sheep
  5 spriggans
  2 shadows
  Sigmund (D:6)
  20 yaks
  A spectral komodo dragon (Lair:1)
  A wraith (D:15)
  Eustachio (D:5)
  3 humans (D:14)
  2 steam dragons
  2 basilisks
  2 vampire mosquitoes (Swamp:4)
  A swamp worm (Swamp:3)
  2 wargs (Orc:2)
  An acid dragon (D:11)
  5 water moccasins
  5 swamp drakes
  3 porcupines
  15 orc warriors
  An ice beast (D:8)
  4 sky beasts
  2 phantoms
  A black mamba simulacrum (Lair:1)
  8 ogres
  An alligator simulacrum (IceCv)
  5 wolves
  3 centaurs
  5 crocodiles
  4 big kobolds
  7 bullfrogs
  3 small abominations (Abyss:2)
  A killer bee (D:10)
  3 scorpions
  A dream sheep simulacrum (Lair:1)
  An elephant simulacrum (IceCv)
  2 howler monkeys
  7 electric eels
  A fire crab simulacrum (Lair:1)
  10 orc priests
  6 hounds
  A human zombie (Ossuary)
  A jelly (D:8)
  5 bullfrog skeletons
  5 orc wizards
  A centaur skeleton (D:5)
  4 iguanas
  5 worker ants
  A troll simulacrum (IceCv)
  2 mummies (Ossuary)
  A howler monkey zombie (D:5)
  A worker ant zombie (D:11)
  6 adders
  2 shadow imps
  6 white imps
  2 ufetubi
  2 oozes
  4 worms
  3 dart slugs
  4 leopard geckos
  41 orcs
  A ball python (D:4)
  2 giant cockroaches (D:5)
  10 goblins
  9 hobgoblins
  2 jackals (D:5)
  5 quokkas
  12 bats
  4 frilled lizards
  A goblin zombie (Ossuary)
  11 hobgoblin zombies (Ossuary)
  A jackal zombie (Ossuary)
  21 kobolds
  2 kobold skeletons (D:10)
  9 kobold zombies
  8 orc zombies (Ossuary)
  7 rats
  A rat zombie (Ossuary)
449 creatures vanquished.

Vanquished Creatures (collateral kills)
  Donald (Swamp:2)
  A fire giant (D:15)
  Louise (D:14)
  2 orc warlords (Orc:2)
  4 dire elephants (Lair:6)
  Snorg (D:14)
  An ettin (Orc:2)
  6 hydras
  2 vault guards (D:14)
  5 shambling mangroves
  An anaconda (Lair:6)
  3 centaur warriors
  A two-headed ogre (D:15)
  6 alligators
  An orc high priest (Orc:2)
  A death drake (D:13)
  A spriggan druid (Swamp:3)
  3 swamp dragons
  Pikel (D:4)
  A necromancer (IceCv)
  A wolf spider zombie (D:14)
  A deep elf mage (D:14)
  A manticore (D:15)
  2 orc sorcerers (Orc:2)
  5 oklob plants (Lair:6)
  2 cyclopes
  2 black mambas (Lair:6)
  A guardian serpent (shapeshifter) (D:11)
  16 elephants
  A centaur zombie (D:11)
  9 cane toads
  Maggie (D:8)
  8 freezing wraiths
  7 komodo dragons
  A gargoyle (D:15)
  An ancient zyme (Abyss:2)
  A troll (D:9)
  5 tyrant leeches
  2 polar bears
  7 blink frogs
  4 hornets
  A meliai (D:15)
  2 bog bodies
  3 dream sheep (Lair:6)
  A slime creature (Swamp:1)
  A spectral black mamba (Lair:1)
  3 hippogriffs
  A small abomination (Abyss:2)
  2 spriggans (Swamp:3)
  A wraith (D:13)
  A wyvern (Lair:6)
  7 humans (D:14)
  24 yaks
  A steam dragon (D:5)
  3 basilisks
  2 death yak simulacra
  A chaos spawn (Abyss:2)
  6 swamp worms
  A warg (Orc:2)
  An acid dragon (D:13)
  3 water moccasins
  6 porcupines
  2 swamp drakes
  9 ice beasts
  19 orc warriors
  A phantom (D:14)
  8 ogres
  2 necrophages
  8 wolves
  4 centaurs
  5 crocodiles
  6 big kobolds (D:10)
  2 elf zombies (Ossuary)
  5 bullfrogs
  A scorpion (D:6)
  2 killer bees (D:10)
  6 wights (D:7)
  An electric eel (Lair:3)
  4 draconian simulacra (IceCv)
  15 orc wizards
  9 orc priests
  A gnoll shaman (D:7)
  2 human zombies (Ossuary)
  A centaur skeleton (D:12)
  2 iguanas
  A polar bear simulacrum (IceCv)
  3 worker ants
  4 troll simulacra (IceCv)
  4 centaur simulacra (IceCv)
  An adder (D:3)
  5 gnolls (D:7)
  4 naga simulacra (IceCv)
  3 ogre simulacra (IceCv)
  A shadow imp (D:10)
  8 white imps (IceCv)
  An ufetubus (D:7)
  An adder zombie (Ossuary)
  2 dart slugs (D:1)
  A leopard gecko (D:5)
  30 orcs
  4 bats
  2 giant cockroaches
  A goblin (D:1)
  3 hobgoblins
  5 jackals
  A ball python (D:1)
  A hobgoblin zombie (Ossuary)
  A jackal skeleton (D:5)
  24 kobolds
  7 kobold skeletons (D:10)
  7 kobold zombies (D:10)
  2 rats
434 creatures vanquished.

Vanquished Creatures (others)
  A polar bear (D:15)
  A swamp drake (Swamp:1)
  A hound skeleton (D:11)
  66 fungi
  50 plants
  4 toadstools (D:4)
123 creatures vanquished.

Grand Total: 1006 creatures vanquished

Notes
Turn   | Place    | Note
-------+----------+-------------------------------------------
     0 | D:1      | Ge0ff the Gargoyle Summoner began the quest for the Orb.
     0 | D:1      | Reached XP level 1. HP: 10/10 MP: 3/3
   452 | D:1      | Reached XP level 2. HP: 13/16 MP: 0/5
   503 | D:1      | Learned a level 2 spell: Call Imp
   660 | D:1      | Reached skill level 4 in Summonings
   766 | D:1      | Reached skill level 1 in Fighting
   947 | D:1      | Reached skill level 1 in Unarmed Combat
  1417 | D:1      | Reached XP level 3. HP: 16/20 MP: 6/6
  1494 | D:2      | Learned a level 3 spell: Call Canine Familiar
  1994 | D:2      | Reached XP level 4. HP: 25/25 MP: 7/7
  2352 | D:3      | Found a hide-covered altar of Uskayaw.
  2638 | D:3      | Found an opulent altar of Gozag.
  2911 | D:4      | Noticed a lemure
  2911 | D:4      | Noticed a lemure
  2913 | D:4      | Noticed Pikel
  3021 | D:4      | Reached XP level 5. HP: 29/29 MP: 8/8
  3113 | D:4      | Found a sand-covered staircase.
  3127 | Ossuary  | Entered an ossuary
  3361 | Ossuary  | Reached skill level 5 in Summonings
  3849 | Ossuary  | Reached XP level 6. HP: 22/35 MP: 1/10
  3855 | Ossuary  | Learned a level 4 spell: Summon Lightning Spire
  4062 | Ossuary  | Reached skill level 1 in Air Magic
  4427 | D:4      | Reached XP level 7. HP: 40/40 MP: 11/11
  4459 | D:4      | Found a burning altar of Makhleb.
  4658 | D:4      | Killed Pikel
  4658 | D:4      | Reached skill level 6 in Summonings
  4795 | D:4      | Found a staircase to the Ecumenical Temple.
  4808 | Temple   | Entered the Ecumenical Temple
  5500 | D:5      | Entered Level 5 of the Dungeon
  5795 | D:5      | Noticed a steam dragon
  5805 | D:5      | Noticed a steam dragon
  5816 | D:5      | Killed a steam dragon
  5816 | D:5      | Reached skill level 1 in Evocations
  5816 | D:5      | Reached XP level 8. HP: 28/46 MP: 2/13
  5820 | D:5      | You fall into a shaft and drop 1 floor!
  5820 | D:6      | Noticed Sigmund
  5907 | D:6      | Killed Sigmund
  6050 | D:6      | Got a shimmering pewter ring
  6051 | D:6      | Identified the ring of Dogma {+Inv rF+ rCorr SInv} (You
                  | found it on level 6 of the Dungeon)
  6562 | D:5      | Noticed Eustachio
  6576 | D:5      | Killed Eustachio
  6615 | D:5      | Found Ruycvuq's Distillery.
  6623 | D:5      | Bought a potion of heal wounds for 50 gold pieces
  7725 | D:7      | Reached XP level 9. HP: 49/50 MP: 10/15
  7896 | D:7      | Reached skill level 7 in Summonings
  7972 | D:7      | Reached skill level 5 in Air Magic
  8099 | D:7      | Found a stormy altar of Qazlal.
  8516 | D:8      | Found a basalt altar of Yredelemnul.
  8576 | D:8      | Noticed Maggie
  8827 | D:8      | Got a pair of brightly glowing boots {*no*}
  9093 | D:8      | Found Zaecyhi's Jewellery Emporium.
  9161 | D:8      | Found an ancient bone altar of Kikubaaqudgha.
  9170 | D:8      | Became a worshipper of Kikubaaqudgha
  9523 | D:9      | Found a sparkling altar of Nemelex Xobeh.
  9703 | D:9      | Noticed a troll
  9715 | D:9      | Killed a troll
  9874 | D:9      | Reached skill level 1 in Necromancy
  9876 | D:9      | Found Jiunihiw's General Store.
 10061 | D:8      | Killed Maggie
 10061 | D:8      | Reached skill level 5 in Evocations
 10270 | D:8      | Reached XP level 10. HP: 51/57 MP: 2/17
 10582 | D:9      | Reached * piety under Kikubaaqudgha
 10582 | D:9      | Identified Kikubaaqudgha's Tome of Darkness (Kikubaaqudgha
                  | gifted it to you on level 9 of the Dungeon)
 10582 | D:9      | Received a gift from Kikubaaqudgha
 10597 | D:9      | Learned a level 3 spell: Vampiric Draining
 10600 | D:9      | Learned a level 2 spell: Corpse Rot
 10710 | D:9      | Reached skill level 5 in Spellcasting
 10832 | D:10     | Entered Level 10 of the Dungeon
 10832 | D:10     | Found Ohien's Jewellery Shoppe.
 10835 | D:10     | Bought an uncursed ring of protection from magic for 400
                  | gold pieces
 10855 | D:10     | Found a staircase to the Lair.
 10856 | D:10     | Found Janaorao's Weapon Shoppe.
 11171 | D:10     | Found an ancient bone altar of Kikubaaqudgha.
 11171 | D:10     | Noticed a kobold demonologist
 11175 | D:10     | Noticed a rust devil
 11181 | D:10     | Noticed a soul eater
 11182 | D:10     | Reached ** piety under Kikubaaqudgha
 11197 | D:10     | Noticed a smoke demon
 11213 | Lair:1   | Entered Level 1 of the Lair of Beasts
 11503 | Lair:1   | Reached skill level 5 in Fighting
 11754 | Lair:1   | Reached skill level 8 in Summonings
 11810 | Lair:1   | Learned a level 3 spell: Mephitic Cloud
 11953 | Lair:1   | Noticed a cane toad
 11961 | Lair:1   | Killed a cane toad
 12094 | Lair:1   | Found a runed translucent gate.
 12095 | Lair:1   | Found a runed translucent gate.
 12095 | Lair:1   | Found a runed translucent gate.
 12097 | Lair:1   | Noticed Ge0ff's ghost (novice GrSu)
 12225 | Lair:1   | Reached skill level 1 in Conjurations
 12249 | Lair:1   | Reached skill level 1 in Poison Magic
 12316 | Lair:1   | Noticed Gastronok
 12385 | D:10     | Killed a kobold demonologist
 12513 | D:10     | Found Wysm's Book Emporium.
 12629 | D:10     | Found a shadowy altar of Dithmenos.
 12699 | D:10     | Found Deotosos's Jewellery Boutique.
 12840 | D:10     | Found Vosuim's Antique Armour Shoppe.
 12861 | D:10     | Reached XP level 11. HP: 63/63 MP: 9/18
 13412 | D:11     | Noticed Sonja
 13470 | D:11     | Reached skill level 5 in Stealth
 14344 | Lair:1   | Noticed a six-headed hydra
 14392 | Lair:1   | Killed a six-headed hydra
 14463 | Lair:1   | Killed Gastronok
 14911 | Lair:2   | Reached skill level 5 in Necromancy
 15455 | Lair:2   | Reached *** piety under Kikubaaqudgha
 15455 | Lair:2   | Identified Kikubaaqudgha's Papyrus of Stolen Souls
                  | (Kikubaaqudgha gifted it to you on level 2 of the Lair of
                  | Beasts)
 15455 | Lair:2   | Received a gift from Kikubaaqudgha
 15679 | Lair:2   | Found a hole to the Spider Nest.
 16608 | Lair:3   | Reached XP level 12. HP: 69/69 MP: 16/20
 16622 | Lair:3   | Reached skill level 9 in Summonings
 17118 | Lair:3   | Noticed a seven-headed hydra
 17126 | Lair:3   | Killed a seven-headed hydra
 17156 | Lair:3   | Identified Easy Magic
 17177 | Lair:3   | Learned a level 4 spell: Summon Ice Beast
 17262 | Lair:3   | Got a brightly glowing flail {don't train}
 17263 | Lair:3   | Identified the +4 flail of Pandemonium {elec, Int+5, don't
                  | train} (You found it on level 3 of the Lair of Beasts)
 17483 | Lair:3   | Reached **** piety under Kikubaaqudgha
 17650 | Lair:3   | Reached skill level 1 in Ice Magic
 18422 | Lair:4   | Noticed a four-headed hydra
 18442 | Lair:4   | Killed a four-headed hydra
 18484 | Lair:4   | Noticed a four-headed hydra
 18492 | Lair:4   | Killed a four-headed hydra
 18671 | Lair:4   | Found a staircase to the Swamp.
 20163 | Lair:6   | Entered Level 6 of the Lair of Beasts
 20163 | Lair:6   | Noticed a seven-headed hydra
 20170 | Lair:6   | Killed a seven-headed hydra
 20297 | Lair:6   | Reached XP level 13. HP: 58/76 MP: 2/22
 20745 | Lair:6   | Identified a scroll of acquirement
 20745 | Lair:6   | Acquired 1170 gold pieces
 20769 | Lair:6   | Reached skill level 5 in Ice Magic
 21516 | Lair:6   | Found a staircase to the Slime Pits.
 21824 | Lair:6   | Upgraded the game from 0.26-a0-576-gcfaa98f945 to
                  | 0.26-a0-579-g3afe4966bf
 21949 | Lair:6   | Reached skill level 10 in Summonings
 22344 | Lair:6   | Noticed a dire elephant
 22344 | Lair:6   | Noticed a dire elephant
 22368 | Lair:6   | Killed a dire elephant
 22377 | Lair:6   | Killed a dire elephant
 22434 | Lair:6   | Got a smoking war axe {don't train}
 22435 | Lair:6   | Identified the cursed +1 war axe of Immorality {drain,
                  | *Corrode Int+3 Dex+4, don't train} (You found it on level 6
                  | of the Lair of Beasts)
 22471 | Lair:6   | Noticed a dire elephant
 22476 | Lair:6   | Killed a dire elephant
 22529 | Lair:6   | Noticed a dire elephant
 22539 | Lair:6   | Killed a dire elephant
 22585 | Lair:6   | Noticed a dire elephant
 22600 | Lair:6   | Killed a dire elephant
 22609 | Lair:6   | Noticed a dire elephant
 22619 | Lair:6   | HP: 2/76 [dire elephant (9)]
 22622 | Lair:6   | Killed a dire elephant
 24039 | D:11     | Noticed Sonja
 24039 | D:11     | Sonja changed into Sonja the shapeshifter
 24040 | D:11     | Noticed Sonja
 24040 | D:11     | Sonja the shapeshifter changed into Sonja the guardian
                  | serpent
 24045 | D:11     | Killed Sonja the guardian serpent
 24537 | D:12     | Found a staircase to the Orcish Mines.
 24668 | D:12     | Reached ***** piety under Kikubaaqudgha
 25312 | D:12     | Found a roughly hewn altar of Beogh.
 25528 | Orc:1    | Entered Level 1 of the Orcish Mines
 25836 | Orc:2    | Entered Level 2 of the Orcish Mines
 25879 | Orc:2    | Noticed an orc warlord
 25881 | Orc:2    | HP: 1/76 [orc warlord/bolt (27)]
 26750 | Orc:2    | Killed an orc warlord
 26750 | Orc:2    | Gained mutation: Your large and strong wings let you fly
                  | indefinitely. [Gargoyle growth]
 26750 | Orc:2    | Reached XP level 14. HP: 77/82 MP: 6/25
 26861 | Orc:2    | Paralysed by an orc sorcerer for 3 turns
 26868 | Orc:2    | Reached skill level 11 in Summonings
 26915 | Orc:2    | Noticed an orc warlord
 26944 | Orc:2    | Killed an orc warlord
 27150 | Orc:1    | Found a roughly hewn altar of Beogh.
 27490 | Orc:2    | Found Ludeb's Antique Armour Emporium.
 27497 | Orc:2    | Found Gitozuh's Book Shop.
 27710 | Orc:2    | Found Xodwemow's Antique Weapon Boutique.
 28156 | Orc:2    | Found a staircase to the Elven Halls.
 28166 | Orc:2    | Reached ****** piety under Kikubaaqudgha
 28168 | Orc:2    | Received a gift from Kikubaaqudgha
 28255 | Orc:2    | Found Ocae's General Store.
 28372 | Orc:2    | Bought a scroll of fear for 56 gold pieces
 28372 | Orc:2    | Bought a scroll of identify for 32 gold pieces
 28709 | Orc:2    | Learned a level 7 spell: Haunt
 28871 | D:13     | You fall into a shaft and drop 1 floor!
 28872 | D:14     | Noticed Snorg
 29035 | D:13     | Noticed Nessos
 29036 | D:13     | Noticed Nessos
 29036 | D:13     | Nessos changed into Nessos the death drake
 29072 | D:13     | Killed Nessos the death drake
 29586 | D:13     | Found a blossoming altar of Fedhas.
 29844 | D:15     | Entered Level 15 of the Dungeon
 29852 | D:15     | Reached skill level 12 in Summonings
 29852 | D:15     | Reached skill level 10 in Necromancy
 29925 | D:15     | Noticed a fire giant
 30143 | D:15     | Found a frozen archway.
 30228 | IceCv    | Entered an ice cave
 30698 | IceCv    | Found an ancient bone altar of Kikubaaqudgha.
 32013 | D:15     | Reached XP level 15. HP: 86/86 MP: 22/27
 32211 | D:15     | Found a staircase to the Depths.
 32770 | D:15     | Killed a fire giant
 32832 | D:14     | Killed Snorg
 32944 | D:14     | Reached skill level 13 in Summonings
 33191 | D:14     | Noticed Louise
 33194 | D:14     | Cast into level 2 of the Abyss (Louise)
 33270 | Abyss:2  | Noticed a tentacled starspawn
 33337 | Abyss:2  | Learned a level 4 spell: Dispel Undead
 33466 | Abyss:2  | Noticed a balrug
 33511 | D:14     | Escaped the Abyss
 33526 | D:14     | Killed Louise
 33773 | D:14     | Found a gate to the Vaults.
 34068 | Lair:2   | Killed Ge0ff's ghost
 34297 | Swamp:1  | Entered Level 1 of the Swamp
 36042 | Swamp:2  | Noticed Donald
 36049 | Swamp:2  | Killed Donald
 37355 | Swamp:3  | Noticed a thorn hunter
 37363 | Swamp:3  | Killed a thorn hunter
 38072 | Swamp:3  | Reached skill level 14 in Summonings
 39133 | Swamp:4  | Entered Level 4 of the Swamp
 39245 | Swamp:4  | Slain by a seven-headed hydra

Illustrated notes

Levels and vault maps discovered:
D:1:      dpeg_arrival_erosion, layout_basic, roderic_lattice_a,
          minmay_statues_item
D:2:      layout_basic
D:3:      layout_rooms, grunt_gozag_statues, eat_drink_and_be_merry_uskayaw
D:4:      cheibrodos_greedy_goblins, layout_loops_corners,
          makhleb_heckhound_becter, temple_pool_b,
          nicolae_ossuary_entry_false_entrances, minmay_gold_behind_fungi,
          minmay_misc_feat_plants, uniq_pikel
D:5:      kennysheep_steamy, layout_basic, serial_shops, nicolae_shop_trees,
          uniq_eustachio
D:6:      layout_cave_pools, uniq_sigmund
D:7:      layout_basic, lemuel_doored_altar
D:8:      layout_basic, yredelemnul_altar_generic, kiku_gazebo_pond_becter,
          serial_shops, nicolae_shop_trees, uniq_maggie
D:9:      layout_stronghold, overflow_temple_1_default, serial_shops,
          kennysheep_mini, chequers_jeans
D:10:     wander_kiku_kobolds, layout_irregular_city, lair_entry_dummy,
          basic_altar, serial_shops, shop_coins, nicolae_shop_crystal, shop,
          nicolae_shop_stone, shop, kennysheep_generic_room_11
D:11:     layout_basic, uniq_sonja
D:12:     layout_layer_cave, minmay_orc_entry_temple_small,
          serial_bayou_lagoon_b
D:13:     layout_roguey, basic_altar, uniq_nessos
D:14:     layout_rooms, ximxim_vaults_locker_room, kennysheep_another_room,
          uniq_snorg, uniq_louise
D:15:     grunt_enter_depths_giant_problem, layout_rooms,
          portal_ice_cave_entry_animals_and_master, serial_park_tiny_1,
          lightli_corner_chamber
Temple:   regret_index_temple_waves
Lair:1:   layout_regular_city, gammafunk_ghost_necromancy, minivault_25,
          uniq_gastronok
Lair:2:   layout_regular_city, dummy_spider_entry, st_stairs_5
Lair:3:   layout_cave_shapes, roderic_batcave, infiniplex_staircase_pool,
          grunt_megastairs_2, serial_bayou_shore_b
Lair:4:   layout_roguey, minmay_swamp_entry_eels,
          grunt_forest_large_clearing_hut
Lair:5:   layout_cave_pods, grunt_megastairs_4
Lair:6:   due_jungle_book, layout_long_grid, minmay_slime_entry_oklob_enclosed
Swamp:1:  layout_falls_marsh, hangedman_swamp_cone
Swamp:2:  layout_falls_marsh, evilmike_swamp_ruin_house_5, swamp_pool1,
          uniq_donald
Swamp:3:  layout_basic_swamp, evilmike_swamp_ruin_house_1
Swamp:4:  swamp_alternative, layout_basic_swamp, swamp_pool2
Orc:1:    layout_caves, basic_altar
Orc:2:    grunt_orc_gardens, layout_diamond_mine, grunt_orc_garden,
          grunt_orc_garden, grunt_orc_garden, grunt_orc_garden

Skill      XL: |  1  2  3  4  5  6  7  8  9 10 11 12 13 14 15 |
---------------+----------------------------------------------+-----
Summonings     | 4 5 6 7 8 9 10 12 14 | 14.0
Fighting       | 1 2 3 4 5 7 |  7.0
Unarmed Combat | 1 |  1.0
Dodging        | 2 3 |  3.0
Spellcasting   | 3 4 5 6 7 8 |  8.6
Stealth        | 3 4 5 |  5.0
Air Magic      | 1 3 4 5 6 7 |  7.0
Evocations     | 1 3 5 6 7 8 9 |  9.0
Necromancy     | 1 4 6 7 8 10 12 | 12.2
Conjurations   | 1 3 |  3.0
Poison Magic   | 1 3 |  3.0
Ice Magic      | 4 5 |  5.0

Action                   |  1- 3 |  4- 6 |  7- 9 | 10-12 | 13-15 || total
-------------------------+-------+-------+-------+-------+-------++-------
Melee: Unarmed           |    84 |     1 |     6 |     9 |       ||   100
       Punch             |     2 |     2 |     1 |     4 |     6 ||    15
       Rapier            |       |   217 |   251 |   468 |   156 ||  1092
       Flail             |       |       |       |       |   376 ||   376
       Dagger            |       |       |       |       |     9 ||     9
Throw: Stone             |    21 |   110 |   107 |    26 |       ||   264
       Dart              |    24 |    16 |     4 |    16 |    47 ||   107
       Boomerang         |       |       |       |   173 |   459 ||   632
       Javelin           |       |       |       |       |     2 ||     2
 Cast: Summon Small Mamm |    14 |       |       |       |       ||    14
       Call Imp          |    26 |    15 |    20 |     4 |       ||    65
       Call Canine Famil |       |     9 |    13 |    13 |     7 ||    42
       Summon Lightning  |       |     1 |    29 |    87 |   186 ||   303
       Vampiric Draining |       |       |       |    39 |   128 ||   167
       Corpse Rot        |       |       |       |     3 |       ||     3
       Summon Ice Beast  |       |       |       |     6 |    76 ||    82
       Mephitic Cloud    |       |       |       |       |     9 ||     9
       Haunt             |       |       |       |       |    21 ||    21
       Dispel Undead     |       |       |       |       |    15 ||    15
Invok: Receive Necronomi |       |       |       |       |     1 ||     1
 Abil: Evoke Invisibilit |       |       |     2 |    10 |    17 ||    29
Evoke: Wand              |       |       |     1 |    20 |    68 ||    89
       Lightning rod     |       |       |       |     5 |    19 ||    24
       Box of beasts     |       |       |       |       |     5 ||     5
       Phial of floods   |       |       |       |       |     1 ||     1
  Use: Scroll            |     5 |     6 |     9 |    12 |    20 ||    52
       Potion            |       |     2 |     1 |     1 |     5 ||     9
 Stab: Distracted        |     3 |       |       |     7 |     6 ||    16
       Sleeping          |     2 |     7 |     6 |     4 |    13 ||    32
       Invisible         |       |       |     4 |    11 |    11 ||    26
       Petrified         |       |       |       |     1 |       ||     1
       Confused          |       |       |       |       |     2 ||     2
       Paralysed         |       |       |       |       |    10 ||    10
Armor: Skin              |    21 |    32 |    55 |   175 |   246 ||   529
Dodge: Dodged            |    80 |    95 |   164 |   346 |   461 ||  1146

Table legend: (Time is in decaauts)
 A = Elapsed time spent in this place.
 B = Non-inter-level travel time spent in this place.
 C = Inter-level travel time spent in this place.
 D = Time resting spent in this place.
 E = Time spent auto-exploring this place.
 F = Levels seen in this place.
 G = Mean time per level.
                   A        B        C        D        E       F      G
               +--------+--------+--------+--------+--------+-----+--------+
         Total |  39664 |  37368 |   2296 |   2658 |  24918 |  31 | 1279.5 |
       Dungeon |  17214 |  15774 |   1440 |    612 |  11164 |  15 | 1147.6 |
        Temple |    209 |    154 |     55 |      0 |    153 |   1 |  209.0 |
          Lair |  10968 |  10447 |    521 |    856 |   7088 |   6 | 1828.0 |
         Swamp |   4981 |   4825 |    156 |    318 |   3572 |   4 | 1245.2 |
  Orcish Mines |   3295 |   3172 |    123 |    247 |   2118 |   2 | 1647.5 |
         Abyss |    321 |    321 |      0 |     25 |      0 |   1 |  321.0 |
       Ossuary |   1003 |   1003 |      0 |    112 |    410 |   1 | 1003.0 |
      Ice Cave |   1670 |   1670 |      0 |    487 |    411 |   1 | 1670.0 |
               +--------+--------+--------+--------+--------+-----+--------+

Top non-repeatable levels by time:
  Lair:6: 3205 daAuts
  Lair:1: 2380 daAuts
 Swamp:3: 1879 daAuts
   Orc:1: 1747 daAuts
   IceCv: 1670 daAuts
  Lair:3: 1654 daAuts
 Swamp:1: 1595 daAuts
     D:1: 1566 daAuts
   Orc:2: 1548 daAuts
    D:12: 1482 daAuts
    D:15: 1461 daAuts
 Swamp:2: 1388 daAuts
     D:8: 1358 daAuts
     D:4: 1351 daAuts
     D:5: 1350 daAuts
